[Event "fics rated crazyhouse match"]
[Site "fics, Oklahoma City, OK USA"]
[Date "2000.03.12"]
[White "venomous"]
[WhiteElo "2490"]
[Black "Thufir"]
[BlackElo "2369"]
[TimeControl "60+0"]
[Result "1-0"]

1. e4 e6 2. d4 b6 3. Be3 Bb7 4. Bd3 Nf6 5. Nc3 Bb4 6. f3 
d5 7. e5 Nfd7 8. Nh3 Nc6 9. O-O Qe7 10. a3 Bxc3 11. bxc3 N@f5 
12. Bg5 f6 13. exf6 gxf6 14. Bxf5 exf5 15. Re1 P@e4 16. fxe4 dxe4 17. N@d5 
Qf7 18. Nxc7+ Kd8 19. Nxa8 fxg5 20. P@c7+ Ke7 21. B@d8+ Nxd8 22. cxd8=Q+ Rxd8 
23. P@c7 Re8 24. R@d8 B@e6 25. Rxe8+ Qxe8 26. R@d8 R@f8 27. Rxe8+ Rxe8 28. Q@g7+ 
R@f7 29. P@d6+ Kxd6 30. N@b5+ Kc6 31. Nxa7+ Kd6 32. P@e5+ Ke7 33. Qxg5+ P@f6 
34. exf6+ Nxf6 35. P@e5 P@h6 36. P@d6+ Kd7 37. Qxh6 Nd5 38. Nxb6+ Nxb6 39. P@c6+ 
Bxc6 40. Nxc6 Kxc6 41. P@b5+ Kb7 42. B@c6+ Ka7 43. Bxe8 B@c4 44. R@a6+ Kb7 
45. Bc6+ Kc8 46. d7+ Nxd7 47. Bxd7+ Kxc7 48. N@a8+ Kxd7 49. Nb6+ Kc7 50. Nxc4 
Kb7 51. Qxe6 P@f2+ 52. Nxf2 N@f3+ 53. Qxf3 N@h3+ 54. Qxh3 B@c7 55. Qc6+ Kb8 
56. Qxf5 B@e6 57. Qb7# 
{Thufir forfeits on time} 1-0

[Event "fics rated crazyhouse match"]
[Site "fics, Oklahoma City, OK USA"]
[Date "2000.03.12"]
[White "Thufir"]
[WhiteElo "2364"]
[Black "venomous"]
[BlackElo "2495"]
[TimeControl "60+0"]
[Result "0-1"]

1. e4 e6 2. d4 Nc6 3. Nc3 Bb4 4. Nf3 Nf6 5. e5 Ne4 6. Bd3 
Nxc3 7. bxc3 Bxc3+ 8. Bd2 Bxd2+ 9. Qxd2 B@h6 10. B@e3 Bxe3 11. fxe3 P@c3 
12. Qf2 B@d2+ 13. Nxd2 cxd2+ 14. Qxd2 N@h4 15. N@h5 N@f3+ 16. gxf3 Nxf3+ 17. Ke2 
Qg5 18. Kxf3 Qxh5+ 19. P@g4 N@g5+ 20. Kf2 Qxg4 21. B@e2 P@f3 22. h3 Qg2+ 
23. Ke1 Qxh1+ 24. B@f1 P@g2 25. N@g3 gxf1=Q+ 26. Bxf1 B@h4 27. P@f2 Bxg3 28. fxg3 
N@e4 29. Bxe4 Nxe4 30. N@f2 Nxf2 31. Qxf2 B@c3+ 32. B@d2 Bxd2+ 33. Kxd2 N@e4+ 
34. Kc1 Nxf2 35. Kb2 B@c3+ 36. Kb3 Q@b4# 
{Thufir checkmated} 0-1

[Event "fics rated crazyhouse match"]
[Site "fics, Oklahoma City, OK USA"]
[Date "2000.03.12"]
[White "venomous"]
[WhiteElo "2500"]
[Black "Thufir"]
[BlackElo "2359"]
[TimeControl "60+0"]
[Result "1-0"]

1. e4 e6 2. d4 d6 3. Be3 Nf6 4. Bd3 Be7 5. Nf3 Nc6 6. Nc3 
Ng4 7. O-O e5 8. d5 Nb4 9. Bc4 c6 10. a3 cxd5 11. exd5 P@d4 
12. axb4 dxe3 13. fxe3 Nxe3 14. Qe2 Nxf1 15. Rxf1 P@d4 16. P@e6 O-O 17. exf7+ 
Rxf7 18. P@e6 Rf8 19. P@f7+ Kh8 20. Bd3 P@g6 21. Nxe5 dxe5 22. P@f5 gxf5 
23. Bxf5 P@g6 24. Bxg6 hxg6 25. P@h5 B@f5 26. Rxf5 gxf5 27. N@g6+ Kh7 28. Nxf8+ 
Qxf8 29. B@g8+ Qxg8 30. fxg8=Q+ Kxg8 31. P@f7+ Kh7 32. Q@g8+ Kh6 33. R@g6# 
{Thufir checkmated} 1-0

[Event "fics rated crazyhouse match"]
[Site "fics, Oklahoma City, OK USA"]
[Date "2000.03.12"]
[White "Thufir"]
[WhiteElo "2354"]
[Black "venomous"]
[BlackElo "2505"]
[TimeControl "60+0"]
[Result "0-1"]

1. e4 e6 2. d4 Nc6 3. Nc3 Nf6 4. e5 Nd5 5. Nxd5 exd5 6. Bb5 
d6 7. Qe2 Be7 8. N@h5 Rg8 9. exd6 cxd6 10. P@f6 Be6 11. fxe7 Qxe7 
12. Bxc6+ bxc6 13. B@f5 B@g6 14. Bxg6 fxg6 15. N@c7+ Qxc7 16. Qxe6+ Kf8 17. Nf4 
Re8 18. Qxe8+ Kxe8 19. R@e6+ P@e7 20. B@h3 B@f7 21. Re2 N@g5 22. B@d7+ Kf8 
23. Ne6+ Bxe6 24. Bdxe6 P@f7 25. Beg4 N@f6 26. Bxg5 Nxg4 27. Bxg4 N@e4 28. N@d7+ 
Ke8 29. B@b8 Qa5+ 30. N@d2 Nxg5 31. Bxd6 B@e4 32. Bf4 Ne6 33. Bxe6 fxe6 
34. Ne5 Rf8 35. P@d7+ Kd8 36. N@b7+ Kc7 37. Nxa5 B@a6 38. Nexc6+ B@d6 39. Bxd6+ 
exd6 40. B@d8+ Rxd8 41. Nxd8 Q@f1+ 42. Kxf1 Bxe2+ 43. Nxe2 R@c1+ 44. Rxc1 Bxg2+ 
45. Ke1 B@b6 
{Thufir forfeits on time} 0-1

[Event "fics rated crazyhouse match"]
[Site "fics, Oklahoma City, OK USA"]
[Date "2000.03.12"]
[White "Thufir"]
[WhiteElo "2362"]
[Black "Binford"]
[BlackElo "2097"]
[TimeControl "60+0"]
[Result "1-0"]

1. e4 d6 2. Nc3 e6 3. d4 Be7 4. Nf3 Nf6 5. Bd3 O-O 6. e5 
Nd5 7. Nxd5 exd5 8. exd6 cxd6 9. P@h6 Bf6 10. hxg7 Bxg7 11. N@h5 Re8+ 
12. P@e5 dxe5 13. Nxg7 exd4+ 14. B@e5 Rxe5+ 15. Nxe5 Kxg7 16. Qh5 B@g6 17. Bh6+ 
Kg8 18. Bxg6 fxg6 19. B@f7+ Kh8 20. Nxg6+ hxg6 21. P@g7+ Kh7 22. Qxg6# 
{Binford checkmated} 1-0

[Event "fics rated crazyhouse match"]
[Site "fics, Oklahoma City, OK USA"]
[Date "2000.03.12"]
[White "venomous"]
[WhiteElo "2499"]
[Black "spurs"]
[BlackElo "2316"]
[TimeControl "60+0"]
[Result "0-1"]

1. e4 e6 2. Nc3 d5 3. exd5 exd5 4. Bb5+ Nd7 5. Nxd5 P@c6 6. Qe2+ 
Be7 7. Nxe7 Nxe7 8. Bc4 N@f4 9. Qf3 Neg6 10. P@h5 Qe7+ 11. P@e3 Nde5 
12. Qe4 Nxc4 13. Qxc4 Nxg2+ 14. Kd1 Ne5 15. Qe2 P@f3 16. Nxf3 Nxf3 17. P@g6 
hxg6 18. hxg6 Rxh2 19. Rxh2 Nxh2 20. R@h8+ B@f8 21. gxf7+ Qxf7 22. B@e4 P@f3 
23. Bxf3 Nxf3 24. P@g6 R@g1+ 25. N@f1 Qxg6 26. P@e7 N@e6 27. exf8=Q+ Nxf8 28. Rxf8+ 
Kxf8 29. Qxf3+ P@f7 30. B@b4+ P@d6 31. N@h2 B@g4 32. d3 Bxf3+ 33. Kd2 Q@e1# 
{venomous checkmated} 0-1

[Event "fics rated crazyhouse match"]
[Site "fics, Oklahoma City, OK USA"]
[Date "2000.03.12"]
[White "Oddyseus"]
[WhiteElo "2285"]
[Black "Marat"]
[BlackElo "2202"]
[TimeControl "60+0"]
[Result "1-0"]

1. e4 Nf6 2. Nc3 d5 3. exd5 Nxd5 4. Nxd5 Qxd5 5. d3 Nc6 6. Nf3 
Bg4 7. Be2 e6 8. N@e3 Bxf3 9. Bxf3 Qd8 10. P@b5 Ne5 11. Bxb7 Rb8 
12. B@c6+ P@d7 13. Bf3 N@d6 14. P@a6 N@d4 15. c4 Ndxf3+ 16. Bxf3 B@g6 17. O-O 
Nxd3 18. N@b7 Nxb7 19. axb7 P@e4 20. Bg4 Nf4 21. f3 exf3 22. Bxf3 P@e2 
23. Bxe2 Nxe2+ 24. Qxe2 B@d3 25. Qf2 Bxf1 26. Nxf1 N@e4 27. Qe2 Rxb7 28. B@g3 
Nxg3 29. hxg3 B@d3 30. Qf2 R@d1 31. N@d2 P@e2 32. N@e3 exf1=Q+ 33. Ndxf1 N@e4 
34. Qf3 Rxf1+ 35. Nxf1 N@e2+ 36. Kh2 N2xg3 37. Nxg3 Nxg3 38. Qxg3 P@h4 39. Qf2 
N@g4+ 40. Kg1 Nxf2 41. R@e1 Q@h1+ 42. Kxf2 Qh2 43. N@f3 Qg3+ 44. Ke3 
{Marat forfeits on time} 1-0

[Event "fics rated crazyhouse match"]
[Site "fics, Oklahoma City, OK USA"]
[Date "2000.03.12"]
[White "Marat"]
[WhiteElo "2196"]
[Black "Oddyseus"]
[BlackElo "2291"]
[TimeControl "60+0"]
[Result "0-1"]

1. e4 e6 2. d4 Be7 3. Nc3 d5 4. Nf3 Nf6 5. e5 Ne4 6. Nxe4 
dxe4 7. Nd2 Qxd4 8. Nxe4 Qxe4+ 9. Be3 Qxe5 10. N@d4 O-O 11. Bd3 P@e4 
12. P@f4 Qd5 13. Bxe4 Qxe4 14. Nf3 Qxe3+ 15. fxe3 P@f2+ 16. Kxf2 N@e4+ 17. Kf1 
N@g3+ 18. hxg3 Nxg3+ 19. Kf2 Nxh1+ 20. Qxh1 R@h4 21. Nxh4 Bxh4+ 22. Qxh4 B@g6 
23. N@e7+ Kh8 24. Nxg6+ fxg6 25. R@g8+ Kxg8 26. N@e7+ Kf7 27. B@d4 N@e4+ 28. Ke2 
B@b5+ 29. P@d3 N@g3+ 30. Kd1 P@e2+ 31. Ke1 R@f1# 
{Marat checkmated} 0-1

[Event "fics rated crazyhouse match"]
[Site "fics, Oklahoma City, OK USA"]
[Date "2000.03.12"]
[White "Oddyseus"]
[WhiteElo "2297"]
[Black "Marat"]
[BlackElo "2190"]
[TimeControl "60+0"]
[Result "1-0"]

1. e4 Nf6 2. Nc3 d5 3. exd5 Nxd5 4. Nxd5 Qxd5 5. d3 Nc6 6. Nf3 
Bg4 7. Be2 e6 8. N@e3 Bxf3 9. Bxf3 Qd8 10. P@b5 Nd4 11. Bxb7 P@e2 
12. B@c6+ Nxc6 13. Bxc6+ B@d7 14. Bxd7+ Qxd7 15. Qxe2 N@d4 16. B@c6 Nxc6 17. bxc6 
Qxc6 18. N@d4 Qd6 19. c3 N@f4 20. Qd2 Rd8 21. N@e4 Qxd4 22. cxd4 Nxg2+ 
23. Nxg2 N@f3+ 24. Kd1 Nxd2 25. Bxd2 B@f3+ 26. P@e2 Bxg2 27. P@d7+ Rxd7 28. Q@c8+ 
Q@d8 29. Qxd8+ Rxd8 30. N@c6 Bxe4 31. Nxd8 P@c2+ 32. Kxc2 N@b4+ 33. Bxb4 B@a4+ 
34. P@b3 Bxd3+ 35. exd3 Bxb4 36. Q@e2 N@c6 37. B@c3 Bxc3 38. Nxc6 Bxc6 39. bxc3 
N@a3+ 40. Kd2 P@c2 41. Ke1 c1=Q+ 42. Rxc1 Nc2+ 43. Rxc2 B@f3 44. B@d7+ Kxd7 
45. N@d6 Ke7 46. N@e5 Kxd6 47. R@d7+ Bxd7 48. N@c4+ Ke7 49. N@c6+ Ke8 50. P@e7 
Bxe2 51. Rxe2 
{Marat forfeits on time} 1-0

[Event "fics rated crazyhouse match"]
[Site "fics, Oklahoma City, OK USA"]
[Date "2000.03.12"]
[White "Marat"]
[WhiteElo "2184"]
[Black "Oddyseus"]
[BlackElo "2303"]
[TimeControl "60+0"]
[Result "0-1"]

1. e4 e6 2. d4 Ne7 3. Nc3 d5 4. Nf3 Nbc6 5. Bg5 f6 6. Bf4 
Ng6 7. Bg3 Be7 8. Bb5 O-O 9. O-O dxe4 10. Bxc6 bxc6 11. Nxe4 B@f5 
12. Nc3 Bg4 13. h3 Bxf3 14. Qxf3 N@g5 15. Qxc6 e5 16. Qxa8 Bxh3 17. Qxd8 
Rxd8 18. B@d5+ P@e6 19. gxh3 exd5 20. P@f7+ Nxf7 21. B@g2 B@d7 22. Nxd5 P@e6 
23. Nxe7+ Nxe7 24. N@b7 N@e2+ 25. Kh1 Rf8 26. P@d6 cxd6 27. P@c6 Bxc6 28. Bxc6 
Nxc6 29. Rae1 B@f3+ 30. B@g2 Bxg2+ 31. Kxg2 P@f3+ 32. Kxf3 Ncxd4+ 33. Ke3 Q@f3+ 
34. Kd2 P@c3+ 35. bxc3 Qxc3+ 36. Kd1 Qxc2# 
{Marat checkmated} 0-1

[Event "fics rated crazyhouse match"]
[Site "fics, Oklahoma City, OK USA"]
[Date "2000.03.12"]
[White "Oddyseus"]
[WhiteElo "2308"]
[Black "Marat"]
[BlackElo "2179"]
[TimeControl "60+0"]
[Result "0-1"]

1. e4 Nf6 2. Nc3 d5 3. exd5 Nxd5 4. Nxd5 Qxd5 5. d3 Nc6 6. N@e3 
Qd8 7. Nf3 e6 8. Be2 P@d4 9. Ng4 e5 10. Ngxe5 Nxe5 11. Nxe5 N@h4 
12. Rg1 Bd6 13. P@f4 Bxe5 14. fxe5 Qd5 15. B@g3 Nxg2+ 16. Rxg2 Qxg2 17. N@f4 
Qg1+ 18. N@f1 N@g6 19. Nh3 N@g2+ 20. Kd2 P@e3+ 21. fxe3 dxe3+ 22. Kc3 P@b4+ 
23. Kxb4 a5+ 24. Ka3 Qxh2 25. P@c3 P@b4+ 26. cxb4 axb4+ 27. Kxb4 c5+ 28. Kc4 
Qxg3 29. b3 b5+ 30. Kc3 B@d4# 
{Oddyseus checkmated} 0-1

[Event "fics rated crazyhouse match"]
[Site "fics, Oklahoma City, OK USA"]
[Date "2000.03.12"]
[White "Flesh"]
[WhiteElo "2310"]
[Black "InsaneManiac"]
[BlackElo "2111"]
[TimeControl "60+0"]
[Result "1-0"]

1. e4 Nc6 2. d4 e6 3. Nc3 d5 4. e5 Bd7 5. Nf3 Nge7 6. Bg5 
Qc8 7. Bxe7 Bxe7 8. N@h5 Rg8 9. Nxg7+ Rxg7 10. P@f6 Rg8 11. fxe7 Nxe7 
12. Bb5 P@c6 13. Be2 Nf5 14. Rg1 B@e7 15. B@d3 Ng7 16. Bxh7 Rh8 17. P@f6 
Rxh7 18. fxg7 Rxg7 19. N@f6+ Bxf6 20. exf6 Rg8 21. B@e7 B@d6 22. Bxd6 cxd6 
23. B@e7 B@d8 24. Bxd8 Qxd8 25. B@e7 Qa5 26. Nh4 N@c8 27. Bh5 Nxe7 28. fxe7 
Kxe7 29. N@h6 B@f6 30. Bxf7 Bxh4 31. Bxg8 Bxf2+ 32. Ke2 Qxc3 33. bxc3 N@f4+ 
34. Kxf2 N@e4+ 35. Kf3 N@g5+ 36. Kxf4 P@e5+ 37. Kg4 B@f5+ 38. Kh5 P@g6+ 39. Kh4 
{InsaneManiac forfeits on time} 1-0

[Event "fics rated crazyhouse match"]
[Site "fics, Oklahoma City, OK USA"]
[Date "2000.03.12"]
[White "InsaneManiac"]
[WhiteElo "2104"]
[Black "Flesh"]
[BlackElo "2314"]
[TimeControl "60+0"]
[Result "1-0"]

1. e4 Nf6 2. Nc3 d5 3. exd5 Nxd5 4. d4 Bf5 5. Nxd5 Qxd5 6. Nf3 
e6 7. N@e3 Qd8 8. Nxf5 exf5 9. Bc4 P@d5 10. Qe2+ Be7 11. P@e6 fxe6 
12. Bxd5 Qxd5 13. P@f7+ Kxf7 14. Ne5+ Kf8 15. B@c4 Qxd4 16. Bxe6 N@d6 17. Be3 
Qe4 18. Nd7+ Nxd7 19. Bxd7 N@h4 20. N@e6+ Kg8 21. Rg1 P@f3 22. gxf3 Nxf3+ 
23. Qxf3 P@d2+ 24. Kxd2 N@c4+ 25. Ke1 P@d2+ 26. Kf1 P@e2+ 27. Qxe2 B@h3+ 28. P@g2 
Nxe3+ 29. fxe3 Nc4 30. N@h6+ gxh6 31. P@f7+ Kxf7 32. N@g5+ Kf6 33. Nxe4+ fxe4 
34. Q@g7# 
{Flesh forfeits on time} 1-0

[Event "fics rated crazyhouse match"]
[Site "fics, Oklahoma City, OK USA"]
[Date "2000.03.12"]
[White "Flesh"]
[WhiteElo "2302"]
[Black "InsaneManiac"]
[BlackElo "2125"]
[TimeControl "60+0"]
[Result "0-1"]

1. e4 Nc6 2. Nc3 Nf6 3. d4 e6 4. e5 Nd5 5. Nxd5 exd5 6. Nf3 
N@e4 7. Bd3 d6 8. Bxe4 dxe4 9. Bg5 B@e7 10. Bxe7 Bxe7 11. exd6 cxd6 
12. P@e5 dxe5 13. dxe5 B@a5+ 14. B@c3 exf3 15. Qxd8+ Baxd8 16. O-O-O Q@a1+ 17. N@b1 
N@e2+ 18. Kd2 Nxe5 19. Bxe5 Ba5+ 20. P@c3 Qxb2 21. N@c7+ Bxc7 22. Bxc7 N@c4+ 
23. Kd3 Ne5+ 24. Bxe5 Bf5+ 25. B@e4 Rd8+ 26. N@d6+ Rxd6+ 27. Bxd6 Bxe4+ 28. Kxe4 
P@f5+ 29. Kxf3 B@g4+ 30. Ke3 N@c4+ 31. Kd3 P@e4+ 32. Kxc4 P@b5+ 33. Kd5 P@c6+ 
34. Ke5 f6+ 35. Ke6 f4+ 36. B@f5 Qxa2+ 37. P@b3 P@d7# 
{Flesh checkmated} 0-1

[Event "fics rated crazyhouse match"]
[Site "fics, Oklahoma City, OK USA"]
[Date "2000.03.13"]
[White "Tecumseh"]
[WhiteElo "2291"]
[Black "spurs"]
[BlackElo "2328"]
[TimeControl "60+0"]
[Result "1-0"]

1. d3 e6 2. c3 d5 3. Nd2 Nf6 4. Ndf3 Bd6 5. e3 O-O 6. Nh3 
Nbd7 7. Nhg5 Ne5 8. Be2 Nxf3+ 9. Nxf3 e5 10. d4 e4 11. Ne5 N@h4 
12. Rg1 Bxe5 13. dxe5 Nd7 14. B@d4 Nxg2+ 15. Rxg2 P@f3 16. Bxf3 exf3 17. Qxf3 
B@e4 18. Rxg7+ Kh8 19. Rxh7+ Bxh7 20. P@f6 R@g1+ 21. N@f1 N@c2+ 22. Ke2 Nxf6 
23. exf6 P@d3+ 24. Kd2 Nxd4 25. P@g7+ Kg8 26. gxf8=Q+ Kxf8 27. P@g7+ Ke8 28. R@f8+ 
Kd7 29. Qxd5+ P@d6 30. N@c5# 
{spurs checkmated} 1-0

[Event "fics rated crazyhouse match"]
[Site "fics, Oklahoma City, OK USA"]
[Date "2000.03.13"]
[White "spurs"]
[WhiteElo "2319"]
[Black "Tecumseh"]
[BlackElo "2300"]
[TimeControl "60+0"]
[Result "0-1"]

1. d4 Nc6 2. Nf3 Nf6 3. Nc3 d5 4. Bg5 Ne4 5. e3 Bg4 6. Bh4 
e6 7. Bxd8 Rxd8 8. Bb5 Bb4 9. Bxc6+ bxc6 10. O-O Nxc3 11. bxc3 Bxc3 
12. N@e5 B@h3 13. Nxf7 Bxg2 14. Nxh8 B@h5 15. P@f7+ Bxf7 16. Nxf7 B4xf3 17. Ne5 
N@h3# 
{spurs checkmated} 0-1

[Event "fics rated crazyhouse match"]
[Site "fics, Oklahoma City, OK USA"]
[Date "2000.03.13"]
[White "Tecumseh"]
[WhiteElo "2308"]
[Black "spurs"]
[BlackElo "2311"]
[TimeControl "60+0"]
[Result "1-0"]

1. e4 e6 2. d3 d5 3. exd5 exd5 4. Nf3 Nf6 5. Be2 Bg4 6. h3 
Bxf3 7. Bxf3 Bb4+ 8. c3 Qe7+ 9. Qe2 N@d4 10. Qxe7+ Bxe7 11. cxd4 P@c2 
12. Nc3 Bb4 13. Q@c8+ Ke7 14. N@f5# 
{spurs checkmated} 1-0

[Event "fics rated crazyhouse match"]
[Site "fics, Oklahoma City, OK USA"]
[Date "2000.03.13"]
[White "spurs"]
[WhiteElo "2303"]
[Black "Tecumseh"]
[BlackElo "2316"]
[TimeControl "60+0"]
[Result "0-1"]

1. d4 Nc6 2. Nc3 Nf6 3. Nf3 d5 4. Bg5 Ne4 5. e3 h6 6. Bh4 
g5 7. Bg3 Bg7 8. Nxe4 dxe4 9. Nd2 Bf5 10. Bb5 N@d3+ 11. cxd3 exd3 
12. Bxc6+ bxc6 13. O-O P@e2 14. Qb3 exf1=Q+ 15. Rxf1 B@e4 16. P@f3 Bd5 17. Qc3 
g4 18. e4 R@c2 19. exd5 Rxc3 20. bxc3 gxf3 21. Nxf3 P@h3 22. N@h5 hxg2 
23. Nxg7+ Kf8 24. Ne6+ fxe6 25. P@g7+ Kxg7 26. N@h5+ Kf8 27. B@g7+ Ke8 28. B@f7+ 
Kxf7 29. N@e5+ Ke8 30. Kxg2 P@h3+ 31. Kg1 Q@g2# 
{spurs checkmated} 0-1

[Event "fics rated crazyhouse match"]
[Site "fics, Oklahoma City, OK USA"]
[Date "2000.03.13"]
[White "Tecumseh"]
[WhiteElo "2324"]
[Black "spurs"]
[BlackElo "2295"]
[TimeControl "60+0"]
[Result "0-1"]

1. e4 e5 2. Nf3 Nf6 3. Nxe5 Qe7 4. d4 d6 5. Nxf7 Qxe4+ 6. Qe2 
Kxf7 7. Nc3 Qxe2+ 8. Bxe2 Be7 9. d5 P@e6 10. Bg5 Re8 11. Rd1 exd5 
12. P@h6 Q@g6 13. Bxf6 Bxf6 14. hxg7 Qxg7 15. P@f5 Qxg2 16. P@e6+ Bxe6 17. fxe6+ 
Rxe6 18. N@h6+ Kg6 19. Q@h5+ Kg7 20. Qf7+ Kxh6 21. B@f4+ P@g5 22. Bxg5+ Qxg5 
23. Rxd5 N@f3+ 24. Kd1 Qd2+ 25. Rxd2 N@e3+ 26. fxe3 B@g6 
{Tecumseh forfeits on time} 0-1

[Event "fics rated crazyhouse match"]
[Site "fics, Oklahoma City, OK USA"]
[Date "2000.03.13"]
[White "spurs"]
[WhiteElo "2304"]
[Black "Tecumseh"]
[BlackElo "2315"]
[TimeControl "60+0"]
[Result "0-1"]

1. d4 Nc6 2. Nf3 Nf6 3. Bg5 d5 4. Nc3 Ne4 5. Nxe4 dxe4 6. Ne5 
Nxe5 7. dxe5 Bf5 8. N@c5 h6 9. N@d4 Bh7 10. e6 hxg5 11. exf7+ Kxf7 
12. P@e6+ Kg6 13. Nxb7 B@b4+ 14. c3 Qxd4 15. Qxd4 N@c2+ 16. Kd1 Nxd4 17. P@h5+ 
Kh6 18. Q@d2 P@c2+ 19. Ke1 Bxc3 20. bxc3 P@b2 21. cxd4 bxa1=Q+ 22. B@c1 R@d1+ 
23. Qxd1 cxd1=Q+ 24. Kxd1 Qxd4+ 25. P@d3 N@c3+ 26. Kc2 Q@d1+ 27. Kb2 Na4+ 28. Ka3 
Q@b4# 
{spurs checkmated} 0-1

[Event "fics rated crazyhouse match"]
[Site "fics, Oklahoma City, OK USA"]
[Date "2000.03.13"]
[White "Tecumseh"]
[WhiteElo "2323"]
[Black "spurs"]
[BlackElo "2296"]
[TimeControl "60+0"]
[Result "1-0"]

1. e4 e6 2. d4 d5 3. exd5 exd5 4. Nf3 Nf6 5. Nc3 Bb4 6. Be2 
Qe7 7. Ne5 Bxc3+ 8. bxc3 Ne4 9. B@b4 P@d6 10. P@h6 Rg8 11. hxg7 Rxg7 
12. Bf3 P@f6 13. P@h6 Rg8 14. Bxe4 dxe4 15. N@d5 fxe5 16. Nxe7 Kxe7 17. dxe5 
N@h5 18. exd6+ cxd6 19. Qxd6+ Ke8 20. Q@d8# 
{spurs checkmated} 1-0

[Event "fics rated crazyhouse match"]
[Site "fics, Oklahoma City, OK USA"]
[Date "2000.03.13"]
[White "spurs"]
[WhiteElo "2289"]
[Black "Tecumseh"]
[BlackElo "2330"]
[TimeControl "60+0"]
[Result "1-0"]

1. d4 Nc6 2. Nf3 Nf6 3. Bg5 d5 4. Nc3 Ne4 5. e3 h6 6. Bh4 
g5 7. Bb5 Bg7 8. Ne5 Bxe5 9. dxe5 gxh4 10. Nxe4 dxe4 11. N@g7+ Kf8 
12. Qxd8+ Nxd8 13. Nf5 B@a5+ 14. B@c3 Bxc3+ 15. bxc3 B@d2+ 16. Kf1 Nc6 17. Q@g7+ 
Ke8 18. Bxc6+ bxc6 19. Qxh8+ B@f8 20. N@g7+ Kd7 21. Qxf8 Q@c4+ 22. B@d3 exd3 
23. R@d8# 
{Tecumseh checkmated} 1-0

[Event "fics rated crazyhouse match"]
[Site "fics, Oklahoma City, OK USA"]
[Date "2000.03.13"]
[White "Tecumseh"]
[WhiteElo "2321"]
[Black "spurs"]
[BlackElo "2298"]
[TimeControl "60+0"]
[Result "1-0"]

1. e4 e6 2. e5 d5 3. Nf3 Bb4 4. c3 Be7 5. d4 Nh6 6. Bxh6 
gxh6 7. N@g7+ Kf8 8. Nh5 Rg8 9. Nbd2 B@g4 10. Ng3 Bh4 11. Be2 Bxg3 
12. hxg3 h5 13. B@f6 Qe8 14. Ng5 Bxe2 15. Nxh7# 
{spurs checkmated} 1-0

[Event "fics rated crazyhouse match"]
[Site "fics, Oklahoma City, OK USA"]
[Date "2000.03.13"]
[White "spurs"]
[WhiteElo "2291"]
[Black "Tecumseh"]
[BlackElo "2328"]
[TimeControl "60+0"]
[Result "0-1"]

1. d4 Nc6 2. Nf3 Nf6 3. Nc3 d5 4. e3 Ne4 5. Bb5 Bg4 6. Nxe4 
dxe4 7. Ne5 Bxd1 8. Nxf7 Bxc2 9. O-O P@f3 10. Nxh8 N@h3+ 11. Kh1 Q@g1+ 
12. Rxg1 Nxf2# 
{spurs checkmated} 0-1

[Event "fics rated crazyhouse match"]
[Site "fics, Oklahoma City, OK USA"]
[Date "2000.03.13"]
[White "Tecumseh"]
[WhiteElo "2335"]
[Black "spurs"]
[BlackElo "2284"]
[TimeControl "60+0"]
[Result "1-0"]

1. e4 e6 2. d4 d5 3. e5 Ne7 4. Nf3 Nf5 5. Bg5 Be7 6. Bxe7 
Qxe7 7. B@g5 f6 8. exf6 gxf6 9. Bf4 B@g4 10. P@e5 Bxf3 11. gxf3 fxe5 
12. dxe5 P@f6 13. exf6 Qxf6 14. B@e5 Qf8 15. P@g4 P@e3 16. gxf5 exf2+ 17. Kxf2 
Rg8 18. N@f6+ Kd8 19. Nxg8 Qxg8 20. f6 N@g4+ 21. fxg4 N@e4+ 22. Ke2 Qxg4+ 
23. P@f3 Qg8 24. P@e7+ Kd7 25. N@f8+ Kc6 26. Bxc7 Nxf6 27. R@c3+ P@c4 28. Qd4 
P@e4 29. P@b5+ Kxb5 30. a4+ Ka6 31. fxe4 
{spurs forfeits on time} 1-0

[Event "fics rated crazyhouse match"]
[Site "fics, Oklahoma City, OK USA"]
[Date "2000.03.13"]
[White "spurs"]
[WhiteElo "2277"]
[Black "Tecumseh"]
[BlackElo "2342"]
[TimeControl "60+0"]
[Result "1-0"]

1. d4 Nc6 2. Nf3 Nf6 3. Nc3 d5 4. Bg5 Ne4 5. e3 h6 6. Bh4 
g5 7. Bg3 Bg7 8. Bb5 Bg4 9. Bxc6+ bxc6 10. h3 Bh5 11. N@f5 Bf6 
12. Nxe4 dxe4 13. Ne5 Bxd1 14. Rxd1 B@a6 15. B@c4 Bxc4 16. Nxc4 B@b5 17. B@b3 
N@f3+ 18. gxf3 exf3 19. N@g7+ Kf8 20. N@e6+ Kg8 21. Rd2 fxe6 22. Nxe6 P@g2 
23. Rg1 Bxc4 24. Bxc4 Q@c1+ 25. Rd1 Bxd4 26. Nxd8+ N@d5 27. Q@f7# 
{Tecumseh checkmated} 1-0

[Event "fics rated crazyhouse match"]
[Site "fics, Oklahoma City, OK USA"]
[Date "2000.03.13"]
[White "dovijanic"]
[WhiteElo "2139"]
[Black "LINDEGREN"]
[BlackElo "2318"]
[TimeControl "120+0"]
[Result "0-1"]

1. e4 Nf6 2. Nc3 e6 3. e5 Nd5 4. Nxd5 exd5 5. d4 d6 6. N@g5 
Nc6 7. Bb5 Bd7 8. Bxc6 bxc6 9. Nxf7 Kxf7 10. N@g5+ Ke7 11. N1f3 B@f5 
12. exd6+ cxd6 13. P@e5 P@c7 14. P@c5 N@c4 15. cxd6+ cxd6 16. exd6+ Nxd6 17. P@e5 
P@c7 18. exd6+ cxd6 19. P@e5 P@c7 20. exd6+ cxd6 21. P@c5 P@c7 22. N@f7 Qe8 
23. Nxh8 Kd8+ 24. R@e3 P@e4 25. Nhf7+ Kc8 26. cxd6 cxd6 27. N3e5 dxe5 28. dxe5 
N@c4 29. Rc3 P@d3 30. Rxc4 N@b5 31. N@d6+ Nxd6 32. Nxd6+ Bxd6 33. exd6 N@b7 
34. Rb4 Nxd6 35. B@g3 N@b7 36. Bxd6 Nxd6 37. P@b7+ Nxb7 38. Rxb7 B@a5+ 39. N@c3 
Kxb7 40. N@d6+ Kc7 41. Nxe8+ Rxe8 
{dovijanic forfeits on time} 0-1

[Event "fics rated crazyhouse match"]
[Site "fics, Oklahoma City, OK USA"]
[Date "2000.03.13"]
[White "dovijanic"]
[WhiteElo "2131"]
[Black "LINDEGREN"]
[BlackElo "2326"]
[TimeControl "120+0"]
[Result "1-0"]

1. e4 Nf6 2. Nc3 Nc6 3. d4 e6 4. e5 Nd5 5. Nxd5 exd5 6. Nf3 
d6 7. Ng5 Be7 8. h4 N@e4 9. Nxe4 dxe4 10. N@h5 Rg8 11. Nxg7+ Rxg7 
12. N@h5 Rg8 13. P@f6 Bf8 14. Bb5 dxe5 15. Bxc6+ bxc6 16. N@g7+ Bxg7 17. Nxg7+ 
Rxg7 18. fxg7 B@b4+ 19. B@c3 Bxc3+ 20. bxc3 N@g8 21. R@f8+ Ke7 22. Rxd8 Kxd8 
23. dxe5+ P@d5 24. B@f6+ B@e7 25. Bcg5 Bxf6 26. Bxf6+ B@e7 27. Bxe7+ Nxe7 28. B@f6 
N@g8 29. P@d6 R@d7 30. dxe7+ Rxe7 31. Bxe7+ Nxe7 32. B@f6 B@e8 33. R@f8 N@f5 
34. g8=Q 
{LINDEGREN forfeits on time} 1-0

[Event "fics rated crazyhouse match"]
[Site "fics, Oklahoma City, OK USA"]
[Date "2000.03.13"]
[White "LINDEGREN"]
[WhiteElo "2314"]
[Black "dovijanic"]
[BlackElo "2143"]
[TimeControl "120+0"]
[Result "1-0"]

1. e4 e6 2. Nc3 b6 3. d4 Bb7 4. Bd3 Bb4 5. f3 Qh4+ 6. g3 
Qf6 7. Kf2 Qxd4+ 8. Be3 Bxc3 9. bxc3 Qxc3 10. B@d4 Qxd4 11. Bxd4 f6 
12. h4 Nc6 13. c3 P@b4 14. Ne2 P@c5 15. Be3 bxc3 16. Nxc3 P@d4 17. P@d2 
dxe3+ 18. dxe3 N@b2 19. Qe2 Nxd3+ 20. Qxd3 Nb4 21. Qd2 Ne7 22. N@h5 Rg8 
23. P@h6 Kf7 24. hxg7 Rxg7 25. Nxg7 Kxg7 26. P@g5 N@d3+ 27. Kg2 Rf8 28. Q@h6+ 
Kg8 29. gxf6 Nf5 30. R@g7# 
{dovijanic resigns} 1-0

[Event "fics rated crazyhouse match"]
[Site "fics, Oklahoma City, OK USA"]
[Date "2000.03.13"]
[White "dovijanic"]
[WhiteElo "2139"]
[Black "LINDEGREN"]
[BlackElo "2318"]
[TimeControl "120+0"]
[Result "0-1"]

1. d4 e6 2. Nf3 Nf6 3. Bg5 d5 4. Nbd2 Nc6 5. e3 Be7 6. Bb5 
Bd7 7. O-O h6 8. Bxf6 Bxf6 9. N@h5 B@g4 10. Nxf6+ Qxf6 11. Bxc6 Bxc6 
12. B@e5 Qg6 13. N@f4 Qh7 14. Bxc7 O-O 15. h3 Bxf3 16. Nxf3 B@e4 17. B@d3 
Bxd3 18. cxd3 N@g5 19. Ne5 N@h4 20. B@e7 Rfe8 21. Bxg5 hxg5 22. Nxf7 Kxf7 
23. P@g6+ Nxg6 24. Nxg6 Kxg6 25. N@e5+ Kf6 26. N@g4+ Ke7 27. P@d6+ Kf8 28. Nxc6 
bxc6 29. d7 Re7 30. d8=Q+ Rxd8 31. Bxd8 B@d6 32. B@e5 B@b8 33. Bxe7+ Kxe7 
34. R@b7+ P@d7 35. Rxb8 Bxb8 36. Bxb8 N@e8 37. B@b4+ P@d6 38. B8xd6+ Nxd6 39. Bxd6+ 
Kxd6 40. B@e5+ Ke7 41. P@d6+ Kf7 42. R@e7+ Kf8 43. Rxd7 R@e8 44. P@e7+ Kg8 
45. N@f6+ gxf6 46. Nxf6+ Kf7 47. Nxh7 B@h2+ 48. Kh1 N@f3 
{dovijanic forfeits on time} 0-1